Map: 幽暗之塔

Players

Sen

  • Race: Zerg Zerg
  • League: Master

FWHas (Has) - Winner!

  • Race: Protoss Protoss
  • League: Master

Event: 2016 WCS Winter Challenger Taiwan

VOD

Have the link to the VOD?

Description

Time

  • Played on: Jan. 16, 2016, 8:27 a.m.
  • Length: 10:05

All games in this series

Show
View Real Time Build Order
Export as new Build Order

Sen Zerg 

Build Orders: 3 Hatch before Pool 

Get SALT Encoding   

  12  0:01  Drone  
  13  0:08  Drone  
  14  0:16  Overlord  
  14  0:26  Drone, Extractor  
  15  0:35  Drone x2  
  17  0:45  Drone  
  18  0:56  Hatchery  
  17  0:57  Drone  
  18  1:06  Drone  
  19  1:21  Hatchery  
  18  1:33  Spawning Pool  
  18  1:34  Drone  
  18  1:37  Extractor  
  18  1:39  Drone  
  18  1:44  Drone  
  19  1:53  Drone  
  20  2:00  Overlord  
  20  2:10  Drone x2  
  22  2:19  Queen x2  
  26  2:23  Zergling x2  
  27  2:30  Zergling x4  
  27  2:35  Zergling x2  
  30  2:38  Metabolic Boost  
  30  2:42  Drone  
  30  2:43  Zergling x2  
  32  2:48  Queen  
  34  2:53  Drone  
  34  2:54  Drone  
  36  3:04  Drone  
  36  3:05  Drone x2  
  37  3:09  Drone  
  35  3:13  Drone  
  35  3:15  Drone  
  35  3:18  Drone  
  36  3:27  Overlord  
  36  3:29  Overlord  
  36  3:33  Drone x2  
  38  3:36  Drone x3  
  41  3:43  Spore Crawler  
  41  3:47  Spore Crawler  
  41  3:48  Spore Crawler  
  38  3:49  Drone  
  38  3:53  Drone x2  
  41  3:56  Drone x2  
  41  4:00  Drone x2  
  45  4:03  Drone  
  45  4:05  Drone  
  45  4:08  Drone  
  45  4:09  Drone  
  49  4:11  Extractor  
  49  4:13  Drone x2  
  50  4:17  Overlord  
  50  4:18  Drone  
  50  4:20  Extractor  
  50  4:22  Overlord  
  50  4:25  Drone  
  50  4:26  Drone  
  50  4:27  Drone  
  52  4:32  Roach Warren  
  52  4:37  Overlord  
  51  4:39  Drone x2  
  51  4:41  Overlord  
  52  4:58  Overlord  
  51  5:13  Roach x4  
  51  5:14  Roach x2  
  63  5:15  Roach x6  
  63  5:17  Overlord  
  63  5:18  Zergling x4  
  63  5:20  Overlord  
  77  5:29  Zergling x2  
  77  5:30  Zergling x6  
  77  5:33  Overlord  
  81  5:40  Zergling x2  
  81  5:41  Zergling x12  
  88  5:44  Zergling x6  
  88  5:47  Zergling x2  
  88  5:48  Zergling x2  
  93  5:55  Roach  
  93  5:59  Zergling x6  
  96  6:06  Ravager x6  
  96  6:07  Ravager  
  96  6:08  Ravager  
  96  6:09  Zergling x6  
  107  6:12  Zergling x6  
  107  6:15  Zergling x12  
  107  6:17  Zergling x2  
  84  6:34  Zergling x8  
  76  6:45  Drone x9, Lair  
  76  6:46  Drone  
  86  6:47  Drone  
  86  6:48  Drone, Extractor  
  86  6:53  Drone x2  
  89  7:00  Evolution Chamber  
  88  7:02  Drone  
  88  7:03  Drone  
  90  7:09  Overlord  
  90  7:10  Drone  
  90  7:13  Drone, Evolution Chamber  
  90  7:14  Drone x4  
  95  7:17  Queen  
  95  7:20  Drone x4  
  99  7:22  Extractor  
  99  7:23  Extractor  
  99  7:24  Overlord  
  99  7:26  Zerg Missile Weapons Level 1  
  99  7:28  Drone  
  98  7:30  Drone  
  98  7:36  Overlord  
  99  7:42  Roach x4  
  99  7:43  Ravager x3  
  99  7:44  Ravager  
  109  7:46  Hydralisk Den  
  108  7:52  Roach x4  
  108  7:56  Roach x4  
  124  8:00  Overlord  
  124  8:03  Ravager x2  
  124  8:04  Ravager x2  
  128  8:09  Overlord  
  128  8:10  Overlord  
  128  8:16  Ravager  
  129  8:23  Ravager  
  129  8:24  Roach x9  
  145  8:33  Overlord  
  137  8:43  Ravager  
  137  8:44  Roach x8  
  147  8:58  Roach x5  
  152  9:07  Roach x8  
  155  9:13  Roach  
  133  9:19  Roach x2  
  133  9:22  Roach  
  133  9:24  Overseer  
  133  9:25  Queen  
  133  9:28  Roach x2  
  133  9:31  Roach  
  133  9:34  Roach x3  
  124  9:38  Roach  
  124  9:39  Roach  
Show
View Real Time Build Order
Export as new Build Order

FWHas Protoss - Winner!

Build Orders: Oracle Opening 

Get SALT Encoding   

  12  0:01  Probe (Chrono Boost)  
  13  0:11  Probe (Chrono Boost)  
  14  0:17  Pylon  
  14  0:22  Probe (Chrono Boost)  
  15  0:36  Probe (Chrono Boost), Gateway  
  16  0:46  Probe (Chrono Boost)  
  16  0:47  Assimilator  
  18  0:57  Probe (Chrono Boost)  
  18  1:01  Gateway  
  18  1:07  Probe (Chrono Boost)  
  19  1:18  Probe (Chrono Boost)  
  20  1:24  Cybernetics Core  
  20  1:28  Probe (Chrono Boost)  
  21  1:33  Pylon  
  21  1:53  Nexus  
  23  2:02  Adept (Chrono Boost)  
  23  2:04  Adept (Chrono Boost)  
  23  2:07  Probe  
  26  2:12  Assimilator  
  26  2:19  Probe  
  27  2:26  Stargate  
  27  2:31  Probe (Chrono Boost)  
  28  2:37  Adept (Chrono Boost)  
  28  2:43  Probe (Chrono Boost)  
  31  2:45  Warp Gate  
  31  2:48  Pylon  
  31  3:04  Probe (Chrono Boost)  
  32  3:08  Probe (Chrono Boost)  
  33  3:15  Probe (Chrono Boost), Oracle (Chrono Boost)  
  33  3:18  Probe (Chrono Boost)  
  36  3:25  Probe (Chrono Boost)  
  35  3:28  Probe (Chrono Boost)  
  35  3:29  Gateway  
  36  3:36  Mothership Core (Chrono Boost)  
  36  3:39  Probe (Chrono Boost)  
  39  3:45  Pylon  
  39  3:51  Probe (Chrono Boost)  
  41  3:55  Probe (Chrono Boost)  
  41  4:02  Probe (Chrono Boost)  
  42  4:06  Probe (Chrono Boost)  
  43  4:12  Probe (Chrono Boost)  
  43  4:15  Nexus  
  43  4:16  Pylon  
  43  4:17  Probe (Chrono Boost)  
  45  4:23  Probe (Chrono Boost), Oracle  
  49  4:27  Probe (Chrono Boost)  
  49  4:29  Pylon  
  49  4:33  Probe (Chrono Boost)  
  49  4:36  Robotics Facility  
  50  4:40  Assimilator  
  50  4:42  Probe (Chrono Boost), Assimilator  
  50  4:44  Probe (Chrono Boost)  
  53  4:53  Probe (Chrono Boost)  
  53  4:55  Probe (Chrono Boost)  
  54  5:03  Probe (Chrono Boost)  
  54  5:05  Probe (Chrono Boost), Sentry x2  
  60  5:14  Probe (Chrono Boost)  
  61  5:16  Probe (Chrono Boost), Forge  
  62  5:24  Probe (Chrono Boost)  
  62  5:25  Twilight Council  
  62  5:26  Probe (Chrono Boost), Immortal  
  68  5:30  Probe (Chrono Boost)  
  68  5:35  Probe (Chrono Boost)  
  70  5:37  Probe (Chrono Boost)  
  70  5:41  Probe (Chrono Boost)  
  70  5:42  Sentry x2  
  76  5:43  Protoss Ground Weapons Level 1 (Chrono Boost)  
  76  5:45  Probe (Chrono Boost)  
  76  5:46  Gateway  
  76  5:47  Gateway  
  76  5:49  Gateway x2  
  77  5:53  Photon Cannon  
  77  6:01  Probe, Pylon  
  77  6:03  Blink (Chrono Boost)  
  78  6:15  Stalker x2  
  78  6:17  Stalker  
  82  6:32  Probe  
  85  6:40  Assimilator x2  
  85  6:41  Pylon  
  85  6:42  Pylon  
  85  6:43  Probe  
  84  6:47  Pylon  
  84  6:50  Gateway  
  84  6:52  Gateway  
  84  6:53  Pylon  
  84  6:54  Warp Prism  
  84  6:59  Photon Cannon  
  84  7:00  Pylon, Mothership Core, Sentry  
  84  7:01  Stalker x2, Sentry  
  94  7:02  Stalker  
  94  7:04  Probe  
  99  7:19  Protoss Ground Weapons Level 2  
  99  7:24  Probe  
  99  7:26  Pylon  
  99  7:27  Stalker x6  
  112  7:31  Observer  
  113  7:41  Pylon  
  113  7:50  Stalker  
  113  7:51  Stalker x4  
  121  7:53  Stalker  
  125  8:22  Stalker x5  
  125  8:23  Stalker  
  137  8:36  Immortal  
  141  8:54  Stalker  
  141  8:55  Stalker  
  140  9:01  Pylon x2  
  132  9:10  Stalker x4  
  128  9:20  Stalker x2  
  124  9:35  Stalker  
  124  9:36  Stalker x3  
  130  9:51  Stalker x2  
Tags
 
Add a new tag
Caveats
  • Supply blocks, unpowered buildings, or Contaminate may cause inaccurate times.
  • Supply counts are checked every 10 seconds.